 Dungeon Crawl Stone Soup version 0.20.1-1-g8b1a95d (webtiles) character file.

352 salade2fruit the Chopper (level 6, 40/45 HPs)
             Began as a Minotaur Berserker on Nov 2, 2017.
             Was a Believer of Trog.
             Quit the game on level 3 of the Dungeon on Dec 9, 2017.
             The game lasted 00:05:51 (1992 turns).

salade2fruit the Chopper (Minotaur Berserker)       Turns: 1992, Time: 00:05:52

Health: 40/45      AC:  9    Str: 27    XL:     6   Next: 34%
Magic:  4/4        EV: 11    Int:  4    God:    Trog [**....]
Gold:   126        SH:  0    Dex: 10    Spells: 5/5 levels left

rFire    . . .     SeeInvis +   a - +0 hand axe
rCold    . . .     Gourm    .   (no shield)
rNeg     . . .     Faith    .   d - +3 ring mail
rPois    .         Spirit   .   (helmet restricted)
rElec    .         Reflect  .   (no cloak)
rCorr    .         Harm     .   (no gloves)
MR       .....                  (no boots)
Stlth    ..........             (no amulet)
Regen    0.2/turn               r - ring of see invisible
MPRegen  0.1/turn               s - +4 ring of strength

@: no status effects
A: retaliatory headbutt, horns 2, blink, frail 1, low mp 1
a: Blink, Berserk, Trog's Hand, Burn Spellbooks, Renounce Religion


You were on level 3 of the Dungeon.
You worshipped Trog.
Trog was pleased with you.
You were not hungry.

You visited 1 branch of the dungeon, and saw 3 of its levels.

You collected 126 gold pieces.

Inventory:

Hand Weapons
 a - a +0 hand axe (weapon)
Armour
 d - a +3 ring mail (worn)
Jewellery
 r - a ring of see invisible (left hand)
 s - a +4 ring of strength (right hand)
Wands
 e - a wand of flame (23/48)
Scrolls
 g - a scroll of fear {unknown}
 j - 2 scrolls of teleportation {unknown}
 l - a scroll of immolation {unknown}
 m - a scroll of identify {unknown}
 o - 2 scrolls of magic mapping {unknown}
 p - a scroll of blinking {unknown}
 q - 2 scrolls of remove curse {unknown}
Potions
 b - a potion of lignification {unknown}
 f - 3 potions of curing
Comestibles
 c - 2 bread rations
 h - 4 fruits
 i - a chunk of flesh


   Skills:
 - Level 3.6 Fighting
 * Level 7.4 Axes
 + Level 5.0 Armour
 - Level 2.1 Dodging


You had 5 spell levels left.
You didn't know any spells.

Dungeon Overview and Level Annotations

Branches:
Dungeon (3/15)

Altars:


Innate Abilities, Weirdness & Mutations

You reflexively headbutt those who attack you in melee.
You have a pair of horns on your head.
You can translocate small distances at will.
You are frail. (-10% HP)
Your magical capacity is low. (-10% MP)


Message History

The worm bites you but does no damage.
You hit the worm.
The worm is severely wounded.
The worm bites you but does no damage.
You slash the worm!
The worm is almost dead.
You slash the worm!
You kill the worm!
Trog accepts your kill.
No target in view!
Save game and exit?
Welcome back, salade2fruit the Minotaur Berserker.
Trog says: Kill them all!
Press ? for a list of commands and other information.
You don't know any spells.
You don't know any spells.
You don't know any spells.
You don't know any spells.
You don't know any spells.
Are you sure you want to abandon this character and quit the game? (Confirm with "yes".)

...######## #..........
#.......... #..........
#.......... #####
###..######
.....#####....##
.........).....#
...............#@#########
...............+..........
...............#.<#########
...............#..........#
...............#..........#
...............#..........#
...............#..........#
...............#..........#
...............#..........#


There were no monsters in sight!

Vanquished Creatures
  Sigmund (D:3)
  An ogre (D:3)
  4 adders
  A gnoll (D:1)
  4 worms
  A dart slug (D:2)
  A leopard gecko (D:1)
  2 giant cockroaches
  10 goblins
  7 hobgoblins
  4 jackals (D:3)
  2 ball pythons
  8 bats
  2 frilled lizards (D:2)
  A kobold (D:1)
  7 rats
56 creatures vanquished.

Notes
Turn   | Place    | Note
-------+----------+-------------------------------------------
     0 | D:1      | salade2fruit the Minotaur Berserker began the quest for the Orb.
     0 | D:1      | Reached XP level 1. HP: 19/19 MP: 0/0
    65 | D:1      | Reached skill level 4 in Axes
    66 | D:1      | Reached XP level 2. HP: 16/26 MP: 1/1
   712 | D:2      | Reached XP level 3. HP: 31/31 MP: 2/2
   805 | D:2      | Reached ** piety under Trog
   983 | D:2      | Reached skill level 5 in Axes
  1219 | D:2      | Reached XP level 4. HP: 39/39 MP: 3/3
  1707 | D:2      | Gained mutation: Your magical capacity is low. (-10% MP) [potion of mutation]
  1707 | D:2      | Gained mutation: You are frail. (-10% HP) [potion of mutation]
  1707 | D:2      | Gained mutation: You can translocate small distances at will. [potion of mutation]
  1792 | D:3      | Noticed Sigmund
  1802 | D:3      | Killed Sigmund
  1802 | D:3      | Reached skill level 7 in Axes
  1802 | D:3      | Reached XP level 5. HP: 26/40 MP: 3/3
  1965 | D:3      | Noticed an ogre
  1978 | D:3      | Killed an ogre
  1978 | D:3      | Reached skill level 5 in Armour
  1978 | D:3      | Reached XP level 6. HP: 44/45 MP: 4/4
  1992 | D:3      | Quit the game

Skill      XL: |  1  2  3  4  5 |
---------------+----------------+-----
Axes           | 4 5 7 |  7.4
Armour         | 3 4 5 |  5.0
Fighting       | |  3.6
Dodging        | |  2.1

Action                   |  1- 3 |  4- 6 || total
-------------------------+-------+-------++-------
Melee: Hand axe          |    81 |    39 ||   120
       Headbutt          |     7 |     5 ||    12
Invok: Berserk           |       |     1 ||     1
  Use: Potion            |       |     7 ||     7
  Eat: Chunk             |     1 |     3 ||     4
Armor: Animal skin       |     6 |       ||     6
       Ring mail         |    17 |    13 ||    30
Dodge: Dodged            |    47 |    13 ||    60
